 Dungeon Crawl Stone Soup version 0.30-a0-381-g6ea064c7b4 (webtiles) character file.

Game seed: 10556827990783309719

1961 NinjaNoafa the Slicer (level 9, -6/41 HPs)
             Began as a Spriggan Hunter on Dec 1, 2022.
             Mangled by a gnoll bouda
             ... wielding a +0 whip
              (10 damage)
             ... on level 7 of the Dungeon.
             The game lasted 00:13:16 (3767 turns).

NinjaNoafa the Slicer (Spriggan Hunter)             Turns: 3767, Time: 00:13:16

Health: -6/41      AC:  3    Str:  7    XL:     9   Next: 0%
Magic:  10/10      EV: 23    Int: 11    God:
Gold:   220        SH:  0    Dex: 22    Spells: 8/8 levels left

rFire   . . .      SeeInvis +    a - +6 rapier "Anlomp" {vamp, SInv Stlth+}
rCold   . . .      Faith    +    (no shield)
rNeg    . . .      Spirit   .    c - +0 robe
rPois   .          Reflect  .    (helmet restricted)
rElec   .          Harm     .    g - +0 cloak
rCorr   .          Rampage  .    (gloves unavailable)
Will    +....                    (boots unavailable)
Stlth   ++++......               k - amulet of faith
HPRegen 0.26/turn                (no ring)
MPRegen 0.12/turn                (no ring)

@: weakened, very quick
A: very small, no large weapons, unfitting armour, see invisible, speed 3
a: no special abilities


You were on level 7 of the Dungeon.
You visited 1 branch of the dungeon, and saw 5 of its levels.
You also visited: Sewer and Bailey.

You collected 220 gold pieces.

Inventory:

Hand Weapons
 a - the +6 rapier "Anlomp" (weapon) {vamp, SInv Stlth+}
   (You found it in a sewer)

   It occasionally heals its wielder for a portion of the damage dealt when it
   wounds a living foe.
   SInv:      It lets you see invisible.
   Stlth:     It makes you more stealthy.
Missiles
 d - 32 stones
 s - 2 silver boomerangs
Armour
 c - a +0 robe (worn)
 g - a +0 cloak (worn)
Jewellery
 k - an amulet of faith (around neck)
Wands
 x - a wand of mindburst (9)
Scrolls
 h - 2 scrolls of enchant weapon
 n - a scroll of poison
 q - a scroll of brand weapon
 r - a scroll of blinking
 v - a scroll of summoning
 w - 2 scrolls of immolation
Potions
 b - a potion of experience {unknown}
 e - 2 potions of might {unknown}
 f - 2 potions of curing
 i - 2 potions of heal wounds {unknown}
 j - 2 potions of brilliance {unknown}
 l - 2 potions of mutation {unknown}
 m - 2 potions of degeneration {unknown}
 p - 2 potions of cancellation {unknown}
 u - 3 potions of haste {unknown}
 z - a potion of ambrosia {unknown}


   Skills:
 - Level 1.5 Fighting
 + Level 8.4 Short Blades
 - Level 6.0 Ranged Weapons
 - Level 7.0 Dodging
 - Level 3.0 Stealth
 - Level 7.0 Evocations


You had 8 spell levels left.
You didn't know any spells.
Your spell library contained the following spells:

 Spells                   Type           Power      Damage    Failure   Level
 Apportation              Tloc           0%         N/A       34%         1
 Necrotise                Necr           0%         1d4       34%         1
 Summon Small Mammal      Summ           0%         N/A       34%         1
 Inner Flame              Hex/Fire       0%         N/A       71%         3
 Flame Wave               Conj/Fire      0%         2d4       98%         4
 Sticky Flame             Conj/Fire      0%         2d3       98%         4


Dungeon Overview and Level Annotations

Branches:
Dungeon (7/15)              Sewer (visited)          Bailey (visited)
 Temple: D:4-7

Altars:
Gozag
Okawaru
Ru


Innate Abilities, Weirdness & Mutations

You are very small and have problems with some larger weapons.
You are too small for most types of armour.
You have supernaturally acute eyesight. (SInv)
You cover ground extremely quickly. (Speed+++)


Message History

The bat completely misses you.
You puncture the gnoll!
You kill the gnoll!
The bat completely misses you.
You have reached level 9!
Your experience leads to an increase in your attributes!
Increase (S)trength, (I)ntelligence, or (D)exterity?
You feel agile. x2
You hit the gnoll bouda.
You feel better.
The gnoll bouda is lightly wounded.
The bat closely misses you.
A gnoll comes into view. It is wielding a +0 spear.
The gnoll bouda gazes fiercely through you!
You feel your attacks grow feeble. The gnoll bouda barely misses you.
You closely miss the gnoll bouda.
The gnoll bouda is lightly wounded.
The bat misses you. The bat closely misses you.
The gnoll bouda hits you with a +0 whip!
You hit the gnoll bouda but do no damage.
The gnoll bouda is lightly wounded.
The bat misses you.
The gnoll bouda barks out a call to the hunt!
The gnolls pick up the pace!
You barely miss the gnoll bouda.
The gnoll bouda is lightly wounded.
The bat misses you. The gnoll completely misses you.
You hit the gnoll bouda.
You feel better.
The gnoll bouda is moderately wounded.
The bat barely misses you.
The gnoll bouda hits you with a +0 whip!
* * * LOW HITPOINT WARNING * * *
You puncture the gnoll bouda!
The gnoll bouda is severely wounded.
The bat misses you. The bat closely misses you.
The gnoll hits you from afar with a +0 spear!
* * * LOW HITPOINT WARNING * * *
A gnoll comes into view. It is wielding a +1 whip of flaming.
The gnoll bouda hits you with a +0 whip!
You die...

.. ###.#
##.b.##
##...b.##
#.......#
#..b..# ##...##
#g#####b####..
#..gg@bg......#
###############


You could see a gnoll bouda, 3 gnolls, a vampire bat and a bat.

Vanquished Creatures
  A gargoyle (Bailey)
  Grinder (D:3)
  A vampire (Bailey)
  Pargi (Sewer)
  2 phantoms
  A bullfrog (D:7)
  A necrophage (D:7)
  A scorpion (D:4)
  8 wolf zombies (Bailey)
  8 vampire bats (Bailey)
  2 orc wizards (D:7)
  6 adders
  4 gnolls
  3 worms
  2 dart slugs (D:1)
  5 orcs
  11 bats
  7 endoplasms
  3 giant cockroaches
  6 hobgoblins
  4 jackals (D:3)
  8 kobolds
  7 quokkas
  5 ball pythons
  3 frilled lizards
  10 goblins
  20 orc zombies (Bailey)
  11 rats
142 creatures vanquished.

Notes
Turn   | Place    | Note
-------+----------+-------------------------------------------
     0 | D:1      | NinjaNoafa the Spriggan Hunter began the quest for the Orb.
     0 | D:1      | Reached XP level 1. HP: 10/10 MP: 2/2
    34 | D:1      | Reached XP level 2. HP: 14/14 MP: 3/3
    84 | D:1      | Found a faded altar of an unknown god.
   457 | D:1      | Reached skill level 5 in Ranged Weapons
   471 | D:1      | Reached XP level 3. HP: 18/18 MP: 4/4
  1102 | D:3      | Noticed Grinder
  1103 | D:3      | Paralysed by Grinder for 3 turns
  1234 | D:3      | Reached XP level 4. HP: 22/22 MP: 5/5
  1400 | D:3      | Reached skill level 1 in Short Blades
  1545 | D:3      | Noticed a phantom
  1576 | D:3      | Killed a phantom
  1577 | D:3      | Reached skill level 3 in Short Blades
  1577 | D:3      | Reached XP level 5. HP: 25/25 MP: 6/6
  1582 | D:3      | Paralysed by Grinder for 2 turns
  1762 | D:3      | Killed Grinder
  1763 | D:3      | Reached skill level 5 in Short Blades
  1763 | D:3      | Reached XP level 6. HP: 20/30 MP: 7/7
  1858 | D:3      | Found a glowing drain.
  1862 | Sewer    | Entered a sewer
  1904 | Sewer    | Noticed Pargi
  1925 | Sewer    | Killed Pargi
  1926 | Sewer    | Reached skill level 6 in Short Blades
  2006 | Sewer    | Identified the +6 rapier "Anlomp" {vamp, SInv Stlth+}
  2018 | Sewer    | Reached XP level 7. HP: 33/33 MP: 8/8
  2296 | D:3      | Found an opulent altar of Gozag.
  2541 | D:4      | You fall into a shaft and drop 3 floors!
  2657 | D:7      | Found a sacrificial altar of Ru.
  2668 | D:7      | Reached skill level 5 in Dodging
  2758 | D:7      | Found a flagged portal.
  2785 | Bailey   | Entered a bailey
  2894 | Bailey   | Noticed a gargoyle
  2903 | Bailey   | Killed a gargoyle
  2904 | Bailey   | Reached XP level 8. HP: 37/37 MP: 9/9
  2970 | Bailey   | Reached skill level 5 in Evocations
  3391 | Bailey   | Reached skill level 7 in Short Blades
  3518 | Bailey   | Reached skill level 8 in Short Blades
  3726 | D:7      | Found an iron altar of Okawaru.
  3762 | D:7      | Reached XP level 9. HP: 26/41 MP: 10/10
  3767 | D:7      | Mangled by a gnoll bouda

Illustrated notes

Levels and vault maps discovered:
D:1:      saegor_arrival_under_anarchy, layout_basic,
          shapermc_ecumenical_altar_totnotflames, minmay_misc_feat_iff
D:2:      layout_rooms
D:3:      minmay_spotlight, layout_rooms, lemuel_tele_altar,
          gup_sewer_entry_bowl, kennysheep_generic_room_6, uniq_grinder
D:4:      layout_loops_ring, minmay_goblin_kobold_house, uniq_duvessa
D:7:      layout_loops_ring, okawaru_gym_becter,
          mainiacjoe_overflow_surrounded_room, nicolae_ru_awakened_eye,
          enter_bailey_5, serial_glass, glass_columns_b, glass_columns_c,
          minmay_strange_pillars, minmay_strange_pillars, item_on_display_a,
          roderic_batcave

Skill      XL: |  1  2  3  4  5  6  7  8 |
---------------+-------------------------+-----
Ranged Weapons | 5 6 |  6.0
Short Blades   | 3 5 6 8 |  8.4
Dodging        | 3 7 |  7.0
Stealth        | 3 |  3.0
Evocations     | 3 7 |  7.0
Fighting       | |  1.5

Action                   |  1- 3 |  4- 6 |  7- 9 || total
-------------------------+-------+-------+-------++-------
Melee: Rapier            |       |    35 |   227 ||   262
       Punch             |       |       |     4 ||     4
 Fire: Shortbow          |    90 |    62 |    41 ||   193
Evoke: Wand              |       |       |     6 ||     6
  Use: Scroll            |       |       |     7 ||     7
       Potion            |       |       |     1 ||     1
 Stab: Sleeping          |       |     1 |     8 ||     9
       Distracted        |       |       |     1 ||     1
Armor: Robe              |     1 |     5 |    42 ||    48
Dodge: Dodged            |    12 |    60 |   375 ||   447

Table legend: (Time is in decaauts)
 A = Elapsed time spent in this place.
 B = Non-inter-level travel time spent in this place.
 C = Inter-level travel time spent in this place.
 D = Time resting spent in this place.
 E = Time spent auto-exploring this place.
 F = Levels seen in this place.
 G = Mean time per level.
                   A        B        C        D        E       F      G
               +--------+--------+--------+--------+--------+-----+--------+
         Total |   2757 |   2649 |    108 |     36 |   1665 |   7 |  393.9 |
       Dungeon |   1883 |   1775 |    108 |     36 |   1162 |   5 |  376.6 |
         Sewer |    148 |    148 |      0 |      0 |     92 |   1 |  148.0 |
        Bailey |    725 |    725 |      0 |      0 |    410 |   1 |  725.0 |
               +--------+--------+--------+--------+--------+-----+--------+

Top non-repeatable levels by time:
  Bailey: 725 daAuts
     D:3: 688 daAuts
     D:1: 424 daAuts
     D:2: 412 daAuts
     D:7: 273 daAuts
   Sewer: 148 daAuts
     D:4: 84 daAuts
